 Dungeon Crawl Stone Soup version 0.30-a0-393-g54b8e3be05 (webtiles) character file.

Game seed: 93508641241829107

72 zishaf the Gusty (level 4, 0/25 HPs)
             Began as a Tengu Air Elementalist on Dec 5, 2022.
             Slain by a black bear (5 damage)
             ... on level 3 of the Dungeon.
             The game lasted 00:02:32 (2619 turns).

zishaf the Gusty (Tengu Air Elementalist)           Turns: 2619, Time: 00:02:32

Health: 0/25       AC:  2    Str:  8    XL:     4   Next: 26%
Magic:  2/8        EV: 12    Int: 17    God:
Gold:   92         SH:  6    Dex: 15    Spells: 0/7 levels left

rFire   . . .      SeeInvis +    e - +0 short sword
rCold   . . .      Faith    .    g - +2 buckler
rNeg    . . .      Spirit   .    a - +0 robe
rPois   .          Reflect  .    (helmet restricted)
rElec   .          Harm     .    (no cloak)
rCorr   .          Rampage  .    (no gloves)
Will    .....                    (boots unavailable)
Stlth   ++........               (no amulet)
HPRegen 0.24/turn                c - ring of see invisible
MPRegen 0.11/turn                (no ring)

@: no status effects
A: beak, talons 3
a: no special abilities


You were on level 3 of the Dungeon.
You visited 1 branch of the dungeon, and saw 3 of its levels.

You collected 92 gold pieces.

Inventory:

Hand Weapons
 e - a +0 short sword (weapon)
Armour
 a - a +0 robe (worn)
 g - a +2 buckler (worn)
Jewellery
 c - a ring of see invisible (left hand)
Wands
 k - a wand of flame (21)
Scrolls
 f - a scroll of poison {unknown}
 h - 4 scrolls of identify {unknown}
 i - a scroll of fear {unknown}
 j - a scroll of enchant armour {unknown}
 l - a scroll of blinking {unknown}
 n - a scroll of teleportation {unknown}
Potions
 b - a potion of magic
 d - a potion of curing {unknown}
 m - 2 potions of attraction {unknown}


   Skills:
 + Level 1.6 Fighting
 - Level 2.1 Dodging
 - Level 2.0 Stealth
 + Level 1.3 Shields
 - Level 2.0 Spellcasting
 + Level 2.8 Conjurations
 + Level 5.0 Air Magic


You couldn't memorise any spells.
You knew the following spells:

 Your Spells              Type           Power      Damage    Failure   Level
a - Shock                 Conj/Air       60%        1d6       4%          1
b - Airstrike             Air            9%         2d(2-18)  32%         4
A - Static Discharge      Conj/Air       30%        2-4/arc   8%          2

Your spell library contained the following spells:

 Spells                   Type           Power      Damage    Failure   Level
 Swiftness                Air            18%        N/A       10%         3
 Frozen Ramparts          Ice            2%         1d1       58%         3
 Ozocubu's Armour         Ice            1%         N/A       58%         3
 Enfeeble                 Hex            0%         N/A       100%        7


Dungeon Overview and Level Annotations

Branches:
Dungeon (3/15)

Altars:
Elyvilon

Annotations:
D:2 1 runed translucent door, Crazy Yiuf


Innate Abilities, Weirdness & Mutations

You have a beak for a mouth.
You have claws for feet.


Message History

There is a stone staircase leading up here.
Okay, then.
Found 2 brown potions.
A black bear comes into view.
The black bear growls angrily.
There is a stone staircase leading up here.
A ball python comes into view.
Found 5 stones.
Found a stone staircase leading down.
You see here 5 stones.
You hear the slow rusting of a distant drain.
Casting: Static Discharge (safe; 8% risk of failure)
Confirm with . or Enter, or press ? or * to list all spells.
The black bear is struck by an arc of lightning.
The black bear is lightly wounded.
You are struck by an arc of lightning.
The black bear is struck by an arc of lightning.
The black bear is moderately wounded.
You are struck by an arc of lightning.
The lightning grounds out.
The black bear bites you. You block the black bear's attack.
The black bear claws you.
Casting: Static Discharge (safe; 8% risk of failure)
Confirm with . or Enter, or press ? or * to list all spells.
The black bear is struck by an arc of lightning.
The black bear is moderately wounded.
You are struck by an arc of lightning.
The lightning grounds out.
You block the black bear's attack. The black bear claws you.
The black bear claws you but does no damage.
Casting: Static Discharge (safe; 8% risk of failure)
Confirm with . or Enter, or press ? or * to list all spells.
The black bear is struck by an arc of lightning.
The black bear is heavily wounded.
You are struck by an arc of lightning.
* * * LOW HITPOINT WARNING * * *
The black bear is struck by an arc of lightning.
The black bear is heavily wounded.
You are struck by an arc of lightning.
* * * LOW HITPOINT WARNING * * *
The lightning grounds out.
The black bear bites you.
You die...

#...#.#.###.#
#>..........#
#...##.###### ##.###.#
#.# #.# #.# #.# #.# #.# #
#(# #.####.# ####.#
#..h@..# #....# ########
.#####.#### ........#
.#####..############ ###
#..#..........#
...#..#.########.#
##.#..#.########.######
##.....#.......<.........


You could see a black bear.

Vanquished Creatures
  Terence (D:2)
  A dart slug (D:2)
  3 endoplasms
  3 giant cockroaches (D:2)
  3 goblins
  3 hobgoblins
  4 jackals (D:2)
  5 kobolds
  2 quokkas
  2 ball pythons
  5 bats (D:2)
  3 frilled lizards
  6 rats
41 creatures vanquished.

Notes
Turn   | Place    | Note
-------+----------+-------------------------------------------
     0 | D:1      | zishaf the Tengu Air Elementalist began the quest for the
                  | Orb.
     0 | D:1      | Reached XP level 1. HP: 10/10 MP: 4/4
   365 | D:1      | Reached XP level 2. HP: 9/16 MP: 0/6
  1488 | D:2      | Reached skill level 1 in Fighting
  1580 | D:2      | Reached XP level 3. HP: 20/20 MP: 3/7
  1661 | D:2      | Noticed Terence
  1702 | D:1      | Learned a level 2 spell: Static Discharge
  1716 | D:2      | Killed Terence
  1717 | D:2      | Reached skill level 1 in Shields
  1829 | D:2      | Reached XP level 4. HP: 25/25 MP: 4/8
  1835 | D:2      | Learned a level 4 spell: Airstrike
  2257 | D:2      | Found a white marble altar of Elyvilon.
  2298 | D:2      | Reached skill level 5 in Air Magic
  2389 | D:2      | Got the Tractate on Numb Curses
  2444 | D:2      | Found a runed translucent door.
  2445 | D:2      | Noticed Crazy Yiuf
  2561 | D:3      | Noticed a black bear
  2619 | D:3      | Slain by a black bear

Illustrated notes

Levels and vault maps discovered:
D:1:      dpeg_arrival_rooms_b, layout_loops_corners
D:2:      layout_basic, basic_altar, uniq_crazy_yiuf_cottage, uniq_terence
D:3:      layout_loops_ring, portal_sewer_entry_c,
          hellmonk_ecumenical_altar_dog_temple

Skill      XL: |  1  2  3  4 |
---------------+-------------+-----
Conjurations   | 2 |  2.8
Fighting       | 1 |  1.6
Shields        | 1 |  1.3
Air Magic      | 5 |  5.0
Dodging        | |  2.1
Stealth        | |  2.0
Spellcasting   | |  2.0

Action                   |  1- 3 |  4- 6 || total
-------------------------+-------+-------++-------
Melee: Unarmed           |     8 |       ||     8
       Kick              |     2 |     2 ||     4
       Short sword       |     1 |    11 ||    12
       Peck              |       |     2 ||     2
 Cast: Shock             |    62 |    13 ||    75
       Static Discharge  |     3 |     5 ||     8
Armor: Robe              |     2 |     3 ||     5
Dodge: Dodged            |     8 |     3 ||    11
Block: Buckler           |     3 |     9 ||    12

Table legend: (Time is in decaauts)
 A = Elapsed time spent in this place.
 B = Non-inter-level travel time spent in this place.
 C = Inter-level travel time spent in this place.
 D = Time resting spent in this place.
 E = Time spent auto-exploring this place.
 F = Levels seen in this place.
 G = Mean time per level.
                   A        B        C        D        E       F      G
               +--------+--------+--------+--------+--------+-----+--------+
         Total |   2619 |   2561 |     58 |     10 |   2257 |   3 |  873.0 |
       Dungeon |   2619 |   2561 |     58 |     10 |   2257 |   3 |  873.0 |
               +--------+--------+--------+--------+--------+-----+--------+

Top non-repeatable levels by time:
     D:1: 1309 daAuts
     D:2: 1243 daAuts
     D:3: 65 daAuts
